 Dungeon Crawl Stone Soup version 0.20-a0-723-gf57855b (webtiles) character file.

186 Magnus the Slasher (level 5, -2/38 HPs)
             Began as a Mummy Skald on Feb 22, 2017.
             Slain by a centaur (6 damage)
             ... on level 3 of the Dungeon.
             The game lasted 00:09:14 (3267 turns).

Magnus the Slasher (Mummy Skald)                    Turns: 3267, Time: 00:09:15

Health: -2/38      AC:  4    Str: 15    XL:     5   Next: 38%
Magic:  9/9        EV: 11    Int: 12    God:
Gold:   103        SH:  0    Dex: 12    Spells: 5/9 levels left

rFire    x . .     SeeInvis .   a - +3 falchion
rCold    + . .     Gourm    .   b - +0 leather armour
rNeg     + + +     Faith    .   (no shield)
rPois    ∞         Spirit   .   h - +0 helmet
rElec    .         Reflect  .   (no cloak)
rCorr    .         Harm     .   (no gloves)
MR       .....                  (no boots)
Stlth    +.........             (no amulet)
Regen    0.2/turn               (no ring)
MPRegen  0.2/turn               d - ring of wizardry

@: no status effects
A: no food or potions, fire vulnerability, cold resistance 1, negative energy
resistance 3, torment resistance, unbreathing
a: no special abilities


You were on level 3 of the Dungeon.
You were not hungry.

You visited 1 branch of the dungeon, and saw 4 of its levels.

You collected 103 gold pieces.

Inventory:

Hand Weapons
 a - a +3 falchion (weapon)
 e - a +1 dagger of venom
Missiles
 i - 6 javelins (quivered)
Armour
 b - a +0 leather armour (worn)
 h - a +0 helmet (worn)
Jewellery
 d - a ring of wizardry (left hand)
Wands
 f - a wand of polymorph (6/24)
Scrolls
 g - 2 scrolls of identify
Books
 c - a book of Battle

   Spells                             Type                      Level
   a - Infusion                       Charms                       1
   b - Shroud of Golubria             Charms/Translocation         2
   c - Song of Slaying                Charms                       2
   d - Spectral Weapon                Hexes/Charms                 3
   e - Regeneration                   Charms/Necromancy            3


   Skills:
 - Level 2.0 Fighting
 - Level 4.4 Long Blades
 - Level 0.7 Armour
 - Level 1.5 Dodging
 - Level 2.6 Spellcasting
 + Level 2.9 Charms


You had 5 spell levels left.
You knew the following spells:

 Your Spells              Type           Power        Failure   Level  Hunger
a - Infusion              Chrm           #...         4%          1    N/A
b - Spectral Weapon       Hex/Chrm       #.......     26%         3    N/A

Dungeon Overview and Level Annotations

Branches:
Dungeon (4/15)
 Temple: D:4-7

Altars:


Innate Abilities, Weirdness & Mutations

You do not eat or drink.
Your flesh is vulnerable to fire.
You are immune to poison.
Your flesh is cold resistant. (rC+)
You are immune to negative energy. (rN+++)
You are immune to unholy pain and torment.
You can survive without breathing.


Message History

You hit the centaur.
The centaur is severely wounded.
The centaur hits you. x2
You hit the centaur.
The centaur is almost dead.
The centaur completely misses you.
You riposte.
You closely miss the centaur.
The centaur is almost dead.
The centaur hits you.
* * * LOW HITPOINT WARNING * * *
You hit the centaur.
The centaur is almost dead.
The centaur misses you.
The howler monkey hoots and howls with incredible vigour!
You hear a bark! x2; You hear an angry hiss.
You barely miss the centaur.
The centaur is almost dead.
The centaur hits you.
* * * LOW HITPOINT WARNING * * *
The centaur hits you.
You die...

# ##.####
########## .......
#........#
.!.....##<.......#
......ghc.......)#
.......##@....!..#
....... #(..†....#
.....## #####.####
..... #.# .... #.#
... #.# #.. #.#
#.# #.#


You could see a centaur, a howler monkey and a hobgoblin.

Vanquished Creatures
  2 orc priests
  A worker ant (D:3)
  2 adders
  2 oozes
  2 worms
  A dart slug (D:1)
  2 leopard geckos
  2 orcs
  4 giant cockroaches
  9 goblins
  7 hobgoblins
  3 jackals (D:1)
  8 bats
  4 frilled lizards
  11 kobolds
  8 rats
68 creatures vanquished.

Notes
Turn   | Place    | Note
-------+----------+-------------------------------------------
     0 | D:1      | Magnus the Mummy Skald began the quest for the Orb.
     0 | D:1      | Reached XP level 1. HP: 16/16 MP: 4/4
    52 | D:1      | Reached skill level 2 in Long Blades
    82 | D:1      | Reached XP level 2. HP: 19/22 MP: 5/5
  1065 | D:1      | Reached XP level 3. HP: 27/27 MP: 7/7
  1375 | D:2      | Reached skill level 3 in Long Blades
  2022 | D:2      | Reached XP level 4. HP: 30/33 MP: 8/8
  2353 | D:2      | Learned a level 3 spell: Spectral Weapon
  2870 | D:2      | Reached skill level 4 in Long Blades
  2908 | D:3      | Reached XP level 5. HP: 28/38 MP: 9/9
  3251 | D:3      | Noticed a centaur
  3267 | D:3      | Slain by a centaur

Vault maps used:
D:1:      lordsloth_arrival_two_stooges
D:2:      first_bread
D:3:      hangedman_feature_mirror
D:4:      uniq_eustachio

Skill      XL: |  1  2  3  4 |
---------------+-------------+-----
Long Blades    | 2 3 4 |  4.4
Fighting       | |  2.0
Armour         | |  0.7
Dodging        | |  1.5
Spellcasting   | |  2.6
Charms         | |  2.9

Action                   |  1- 3 |  4- 6 || total
-------------------------+-------+-------++-------
Melee: Falchion          |    69 |    70 ||   139
       Dagger            |    52 |       ||    52
 Cast: Infusion          |     1 |     2 ||     3
  Use: Scroll            |     5 |     1 ||     6
 Stab: Sleeping          |     1 |       ||     1
Armor: Leather armour    |    27 |    26 ||    53
Dodge: Dodged            |    76 |    50 ||   126
       Rpst.: Falchion   |     8 |    14 ||    22
